 Dungeon Crawl Stone Soup version 0.31-a0-182-gc5ef74bbde (webtiles) character file.

Game seed: 5552459218472806858

7 Moral the Grave Robber (level 1, 0/13 HPs)
             Began as a Demonspawn Necromancer on June 21, 2023.
             Slain by a quokka (2 damage)
             ... on level 1 of the Dungeon.
             The game lasted 00:00:17 (135 turns).

Moral the Grave Robber (Demonspawn Necromancer)      Turns: 135, Time: 00:00:18

Health: 0/13       AC:  2    Str:  8    XL:     1   Next: 91%
Magic:  1/3        EV: 12    Int: 16    God:
Gold:   0          SH:  0    Dex: 13    Spells: 3/4 levels left

rFire   . . .        (no weapon)
rCold   . . .        (no shield)
rNeg    . . .        a - +0 robe
rPois   .            (no helmet)
rElec   .            (no cloak)
rCorr   .            (no gloves)
SInv    .            (no boots)
Will    .....        (no amulet)
Stlth   ++           (no ring)
HPRegen 0.22/turn    (no ring)
MPRegen 0.08/turn

%: no passive effects
@: no status effects
A: no striking features
a: no special abilities


You were on level 1 of the Dungeon.
You visited 1 branch of the dungeon, and saw 1 of its levels.

Inventory:

Armour
 a - a +0 robe (worn)
Scrolls
 d - a scroll of teleportation {unknown}
Potions
 b - a potion of magic
 c - a potion of brilliance {unknown}


   Skills:
 + Level 2.0 Dodging
 + Level 2.0 Stealth
 + Level 2.1 Spellcasting
 + Level 4.5 Necromancy


You had 3 spell levels left.
You knew the following spells:

 Your Spells              Type           Power      Damage    Failure   Level
a - Necrotise             Necr           64%        1d7       3%          1

Your spell library contained the following spells:

 Spells                   Type           Power      Damage    Failure   Level
 Vampiric Draining        Necr           16%        2d7       10%         3
 Animate Dead             Necr           16%        N/A       32%         4
 Agony                    Necr           16%        N/A       65%         5


Dungeon Overview and Level Annotations

Branches:
Dungeon (1/15)

Altars:


Message History

You are too injured to fight recklessly!
You are too injured to fight recklessly!
You are too injured to fight recklessly!
You are too injured to fight recklessly!
You are too injured to fight recklessly!
You are too injured to fight recklessly!
You are too injured to fight recklessly!
You are too injured to fight recklessly!
You are too injured to fight recklessly!
You are too injured to fight recklessly!
You are too injured to fight recklessly!
You are too injured to fight recklessly!
You are too injured to fight recklessly!
You are too injured to fight recklessly!
You are too injured to fight recklessly!
You are too injured to fight recklessly!
You are too injured to fight recklessly!
You are too injured to fight recklessly!
You are too injured to fight recklessly!
You are too injured to fight recklessly!
You are too injured to fight recklessly!
You are too injured to fight recklessly!
You are too injured to fight recklessly!
You are too injured to fight recklessly!
You are too injured to fight recklessly!
You are too injured to fight recklessly!
You hit the quokka but do no damage.
The quokka is moderately wounded.
The quokka bites you.
Your kobold skeleton hits the quokka but does no damage.
You barely miss the quokka.
The quokka is moderately wounded.
The kobold shouts!
The quokka bites you.
* * * LOW HITPOINT WARNING * * *
Your kobold skeleton misses the quokka.
You hit the quokka but do no damage.
The quokka is moderately wounded.
The quokka bites you.
You die...

#. # #. .# #.
#.# #######.##
...
#........##.####
#...............
#.....Kr........
#...^..Z@.......
#........##+####
......).....#
.....##.#####
... #...#
###.##..# ###
#.....# 8.##
####.## ...# #.#


You could see a quokka (ally target), a kobold and a friendly kobold skeleton.

Vanquished Creatures
  A dart slug (D:1)
  2 bats (D:1)
  An endoplasm (D:1)
  A ball python (D:1)
  A kobold (D:1)
6 creatures vanquished.

Notes
Turn   | Place    | Note
-------+----------+-------------------------------------------
     0 | D:1      | Moral the Demonspawn Necromancer began the quest for the
                  | Orb.
     0 | D:1      | Reached XP level 1. HP: 13/13 MP: 3/3
   135 | D:1      | Slain by a quokka

Illustrated notes

Levels and vault maps discovered:
D:1:      scummos_arrival_gate, layout_basic

Skill      XL: |  1 |
---------------+----+-----
Stealth        | 2 |  2.0
Dodging        | 2 |  2.0
Spellcasting   | |  2.1
Necromancy     | |  4.5

Action                     || total
---------------------------++-------
  Melee: Unarmed           ||     6
   Cast: Necrotise         ||     8
 Armour: Robe              ||     1
  Dodge: Dodged            ||     4

Table legend: (Time is in decaauts)
 A = Elapsed time spent in this place.
 B = Non-inter-level travel time spent in this place.
 C = Inter-level travel time spent in this place.
 D = Time resting spent in this place.
 E = Time spent auto-exploring this place.
 F = Levels seen in this place.
 G = Mean time per level.
                   A        B        C        D        E       F      G
               +--------+--------+--------+--------+--------+-----+--------+
         Total |    135 |    135 |      0 |      0 |    101 |   1 |  135.0 |
       Dungeon |    135 |    135 |      0 |      0 |    101 |   1 |  135.0 |
               +--------+--------+--------+--------+--------+-----+--------+

Top non-repeatable levels by time:
     D:1: 135 daAuts
